 Dungeon Crawl Stone Soup version 0.31-a0-523-g071a6c1ffa (webtiles) character file.

Game seed: 14211389889623231413

3117 Gargoyl the Cleaver (level 9, -3/56 HPs)
             Began as a Gargoyle Berserker on Aug 11, 2023.
             Was a Believer of Trog.
             Slain by a wight
             ... wielding a +5 hand axe
              (12 damage)
             ... on level 7 of the Dungeon.
             The game lasted 00:06:43 (5076 turns).

Gargoyl the Cleaver (Gargoyle Berserker)            Turns: 5076, Time: 00:06:43

Health: -3/56      AC: 12    Str: 21    XL:     9   Next: 91%
Magic:  9/9        EV: 12    Int: 14    God:    Trog [**....]
Gold:   386        SH: 10    Dex: 13    Spells: 8/8 levels left

rFire   . . .        a - +1 hand axe (elec)
rCold   . . .        n - +0 buckler
rNeg    + . .        h - +0 steam dragon scales
rPois   ∞            (no helmet)
rElec   +            (no cloak)
rCorr   .            (no gloves)
SInv    +            (no boots)
Will    ++...        e - amulet of reflection
Stlth   ++           s - ring of see invisible
HPRegen 1.29/turn    j - +6 ring of intelligence
MPRegen 0.11/turn

%: reflection
@: strong-willed, on berserk cooldown, regenerating, slowed, very slow
A: sickness immunity, AC +6, negative energy resistance 1, electricity
resistance, torment resistance 1, petrification resistance
a: Renounce Religion, Berserk, Trog's Hand


You were on level 7 of the Dungeon.
You worshipped Trog.
Trog was pleased with you.
You visited 1 branch of the dungeon, and saw 7 of its levels.

You collected 386 gold pieces.

Inventory:

Hand Weapons
 a - a +1 hand axe of electrocution (weapon)
 v - a +0 war axe
Missiles
 m - 4 poisoned darts (quivered)
Armour
 h - +0 steam dragon scales (worn)
 n - a +0 buckler (worn)
Jewellery
 e - an amulet of reflection (around neck)
 j - a +6 ring of intelligence (right hand)
 s - a ring of see invisible (left hand)
Wands
 g - a wand of light (5)
 i - a wand of roots (7)
 p - a wand of mindburst (12)
Scrolls
 b - 3 scrolls of identify
 d - 4 scrolls of teleportation
 q - 2 scrolls of fear
 t - a scroll of butterflies
Potions
 c - a potion of berserk rage
 f - a potion of haste
 k - 2 potions of attraction {unknown}
 l - a potion of lignification {unknown}
 r - 4 potions of enlightenment {unknown}
 u - 2 potions of invisibility {unknown}


   Skills:
 + Level 6.6 Fighting
 + Level 8.7 Axes
 + Level 5.6 Armour
 + Level 3.5 Dodging
 + Level 2.4 Stealth
 + Level 5.6 Shields
 + Level 1.2 Evocations


You had 8 spell levels left.
You didn't know any spells.
Your spell library was empty.

Dungeon Overview and Level Annotations

Branches:
Dungeon (7/15)             Temple (0/1) D:6

Altars:
Gozag

Shops:
D:1 (

Annotations:
D:7 1 runed translucent door, Crazy Yiuf


Innate Abilities, Weirdness & Mutations

You are immune to sickness and miasma.
Your stone body is resilient. (AC +6)
You are immune to poison.
You resist negative energy. (rN+)
You are resistant to electric shocks. (rElec)
You are resistant to unholy torment.
You are immune to petrification.


Message History

You hit the wight. You closely miss the wight. The wight closely misses you.
The wight barely misses you.
Unknown command.
You are no longer berserk.
You are exhausted.
You feel yourself slow down.
Things that are here:
a +0 mace; a +0 robe You hit the wight.
The wight is moderately damaged.
You slash the wight!
The wight hits you but does no damage. x2
The wight hits you with a +0 dagger. The wight hits you with a +5 hand axe.
You block the wight's attack.
Unknown command.
You hit the wight.
The wight is heavily damaged.
You hit the wight. You closely miss the wight. You block the wight's attack.
The wight hits you but does no damage. x2
Unknown command.
You hit the wight but do no damage.
The wight is heavily damaged.
You hit the wight. You hit the wight but do no damage.
Lightning courses through the wight!!
You destroy the wight!
Trog accepts your kill. The wight hits you with a +5 hand axe!
The wight hits you with a +0 dagger. x2
The wight hits you with a +5 hand axe!
You hit the wight.
The wight is severely damaged.
You hit the wight but do no damage. The wight barely misses you.
The wight closely misses you.
Unknown command.
Your skin crawls.
You feel strong-willed. The wight hits you with a +5 hand axe!
The wight hits you with a +0 dagger.
* * * LOW HITPOINT WARNING * * *
The wight hits you with a +0 dagger.
* * * LOW HITPOINT WARNING * * *
The wight hits you with a +5 hand axe!
You die...

.................'....#§§§#
#######....###...#....##§##
############ #...##....#§#
...........######.#....'.#
................###....#.#
........).........###..#§##
.#########..........##.#§§#
##.......####..z)....#.##.#
.....).)....###z@.......###
.....⌠.†......#.........
..............#.........
##.......###..##.....#..
.#########.....#....## .
...............#..###
..............⌠####
...........#####
############


You could see 2 wights.

Vanquished Creatures
  Pikel (D:4)
  Maggie (D:6)
  Prince Ribbit (D:7)
  A shadow (D:6)
  A wyvern (D:7)
  A steam dragon (D:7)
  Duvessa (D:6)
  An ice beast (D:5)
  A sky beast (D:7)
  3 black bears
  2 centaurs (D:5)
  A bullfrog (D:6)
  4 scorpions
  2 wights (D:7)
  Dowan (D:6)
  2 jellies (D:5)
  2 orc priests (D:5)
  3 hounds
  5 iguanas
  Natasha (twice) (D:3)
  4 gnolls
  7 adders
  2 white imps
  2 ufetubi (D:6)
  2 worms
  A dart slug (D:2)
  9 orcs
  3 bats
  9 endoplasms
  A giant cockroach (D:4)
  6 goblins
  6 hobgoblins
  3 jackals (D:2)
  6 quokkas
  4 ball pythons
  6 frilled lizards
  9 kobolds
  6 rats
122 creatures vanquished.

Vanquished Creatures (others)
  An orc wizard (D:5)
  An adder (D:6)
2 creatures vanquished.

Grand Total: 124 creatures vanquished

Notes
Turn   | Place    | Note
-------+----------+-------------------------------------------
     0 | D:1      | Gargoyl the Gargoyle Berserker began the quest for the Orb.
     0 | D:1      | Reached XP level 1. HP: 14/14 MP: 1/1
    33 | D:1      | Found Taagesh's Antique Weapon Shoppe.
   120 | D:1      | Reached XP level 2. HP: 19/19 MP: 2/2
   134 | D:1      | Reached skill level 3 in Axes
   438 | D:1      | Reached XP level 3. HP: 24/24 MP: 3/3
   661 | D:2      | Reached XP level 4. HP: 29/29 MP: 4/4
   665 | D:2      | Reached ** piety under Trog
   858 | D:2      | Reached skill level 4 in Axes
   963 | D:2      | Reached XP level 5. HP: 27/33 MP: 5/5
  2086 | D:3      | Noticed Natasha
  2093 | D:3      | Killed Natasha
  2148 | D:3      | Noticed Natasha
  2152 | D:3      | Killed Natasha
  2395 | D:4      | Reached XP level 6. HP: 38/39 MP: 6/6
  2907 | D:5      | Entered Level 5 of the Dungeon
  2907 | D:5      | Noticed Pikel
  2907 | D:5      | Noticed a black bear
  2922 | D:4      | Killed Pikel
  2923 | D:4      | Reached skill level 5 in Fighting
  2923 | D:4      | Reached skill level 5 in Axes
  2923 | D:4      | Reached skill level 1 in Stealth
  2923 | D:4      | Reached skill level 1 in Shields
  2923 | D:4      | Reached XP level 7. HP: 44/44 MP: 7/7
  3022 | D:5      | Reached skill level 6 in Axes
  3022 | D:5      | Reached XP level 8. HP: 32/50 MP: 8/8
  3226 | D:5      | Found an opulent altar of Gozag.
  3500 | D:5      | Reached skill level 7 in Axes
  4044 | D:6      | Found a staircase to the Ecumenical Temple.
  4167 | D:6      | Noticed Maggie
  4167 | D:6      | Noticed a shadow
  4170 | D:6      | Reached XP level 9. HP: 50/55 MP: 9/9
  4459 | D:6      | Killed Maggie
  4460 | D:6      | Reached skill level 8 in Axes
  4579 | D:6      | Noticed Dowan
  4580 | D:6      | Noticed Duvessa
  4587 | D:6      | Killed Duvessa
  4593 | D:6      | Killed Dowan
  4760 | D:7      | Found a runed translucent door.
  4761 | D:7      | Noticed Crazy Yiuf
  4841 | D:7      | Reached skill level 5 in Armour
  4841 | D:7      | Reached skill level 5 in Shields
  4866 | D:7      | Noticed Prince Ribbit
  4871 | D:7      | Killed Prince Ribbit
  4915 | D:7      | Reached skill level 1 in Evocations
  5076 | D:7      | Slain by a wight

Illustrated notes

Levels and vault maps discovered:
D:1:      minmay_arrival_plants_in_alcoves, layout_rooms, serial_shops, shop,
          minmay_misc_feat_cross
D:2:      layout_basic
D:3:      layout_loops_corners, uniq_natasha
D:4:      layout_loops_ring
D:5:      layout_cave_pods, grunt_gozag_breadcrumbs, uniq_pikel
D:6:      layout_cave_pools, minmay_temple_entry_slanted, uniq_duvessa,
          uniq_maggie
D:7:      kennysheep_spiral_hall, layout_gridville, okawaru_altar_gauntlet_db,
          serial_shops, nicolae_shop_tiny_waterfront, uniq_prince_ribbit1,
          uniq_crazy_yiuf_cottage

Skill      XL: |  1  2  3  4  5  6  7  8  9 |
---------------+----------------------------+-----
Axes           | 3 4 5 6 7 8 |  8.7
Dodging        | 2 3 |  3.5
Fighting       | 4 5 6 |  6.6
Armour         | 3 4 5 |  5.6
Stealth        | 1 2 |  2.4
Shields        | 1 2 4 5 |  5.6
Evocations     | 1 |  1.2

Action                     |  1- 3 |  4- 6 |  7- 9 || total
---------------------------+-------+-------+-------++-------
  Melee: Hand axe          |    86 |   118 |   185 ||   389
         Punch             |     1 |       |       ||     1
 Invoke: Berserk           |     2 |     2 |     6 ||    10
         Trog's Hand       |       |     1 |     3 ||     4
  Evoke: Wand              |       |       |     6 ||     6
    Use: Scroll            |     3 |     4 |     8 ||    15
         Potion            |       |       |     3 ||     3
   Stab: Sleeping          |       |     1 |     1 ||     2
 Armour: Animal skin       |    39 |    23 |       ||    62
         Plate armour      |       |    20 |    86 ||   106
         Steam dragon scal |       |       |    10 ||    10
         Troll leather arm |       |       |     9 ||     9
  Dodge: Dodged            |    63 |    72 |    76 ||   211
  Block: Other             |       |     5 |       ||     5
         Buckler           |       |     8 |   110 ||   118
         Reflection        |       |       |     6 ||     6

Table legend: (Time is in decaauts)
 A = Elapsed time spent in this place.
 B = Non-inter-level travel time spent in this place.
 C = Inter-level travel time spent in this place.
 D = Time resting spent in this place.
 E = Time spent auto-exploring this place.
 F = Levels seen in this place.
 G = Mean time per level.
                   A        B        C        D        E       F      G
               +--------+--------+--------+--------+--------+-----+--------+
         Total |   5179 |   5071 |    108 |    356 |   3521 |   7 |  739.9 |
       Dungeon |   5179 |   5071 |    108 |    356 |   3521 |   7 |  739.9 |
               +--------+--------+--------+--------+--------+-----+--------+

Top non-repeatable levels by time:
     D:5: 1039 daAuts
     D:3: 912 daAuts
     D:4: 780 daAuts
     D:2: 762 daAuts
     D:6: 755 daAuts
     D:1: 561 daAuts
     D:7: 369 daAuts
